 Dungeon Crawl Stone Soup version 0.31-a0-1447-g87ca8d402b (webtiles) character file.

Game seed: 14575652500260912785

2857346 freelancePsychic the Metallomancer (level 27, 246/246 HPs)
             Began as a Grey Draconian Alchemist on Dec 25, 2023.
             Was the Champion of Ashenzari.
             Escaped with the Orb
             ... and 5 runes on Dec 27, 2023!
             The game lasted 02:34:17 (80831 turns).

freelancePsychic the Metallomancer (DrAl)          Turns: 80831, Time: 02:34:17

Health: 246/246    AC: 30    Str:  9    XL:     27
Magic:  57/57      EV: 29    Int: 36    God:    Ashenzari [******]
Gold:   4636       SH: 20    Dex: 24    Spells: 12/66 levels left

rFire   + + .        b - +7 rapier of the Ruined Mistrust {drain, rF++, Sorc, Bglg} (curse)
rCold   . . .        B - +3 kite shield of Ashenzari's Limitation {AC+3, Sorc, Elem} (curse)
rNeg    . . .        (body armour unavailable)
rPois   .            V - +3 hat of Pondering {ponderous, Will+ MP+10 Int+5, Dev, Self} (curse)
rElec   +            X - +2 cloak of Toth-Mos's Legacy {rElec, Fort, Sorc} (curse)
rCorr   .            E - +0 pair of gloves of Supernal Understanding {Melee, Fort} (curse)
SInv    +            i - +1 pair of boots "Ensconced Oblivion" {Sorc, Bglg} (curse)
Will    +++..        J - amulet of Ouranomancy {RegenMP, Elem, Fort} (curse)
Stlth   ++           v - ring "Tethered With Me" {Dex+6, Dev, Melee} (curse)
HPRegen 0.61/turn    t - ring "Bound With Me" {Int+6, Self, Bglg} (curse)
MPRegen 0.75/turn

%: clarity
@: hasted, studying 2 skills, very quick
A: AC +18, amphibious, unfitting armour, cold-blooded, agile 1, weak 1, subdued
magic 1, noise suppression, persistent drain
0: Orb of Zot
}: 5/15 runes: serpentine, barnacled, slimy, silver, abyssal
a: Renounce Religion, Shatter the Chains


You escaped.
You worshipped Ashenzari.
Ashenzari was exalted by your worship.
You visited 11 branches of the dungeon, and saw 55 of its levels.
You visited the Abyss 1 time.
You visited 2 bazaars.
You also visited: Bailey.

You collected 8967 gold pieces.
You spent 4331 gold pieces at shops.

Inventory:

Hand Weapons
 b - the cursed +7 rapier of the Ruined Mistrust (weapon) {drain, rF++, Sorc, Bglg}
   (You bought it in a shop on level 2 of the Orcish Mines)

   rF++:      It greatly protects you from fire.
   It has a curse which improves the following skills: Sorcery: Conjurations and
   Alchemy.
   Beguiling: Hexes and Translocations.
Armour
 i - the cursed +1 pair of boots "Ensconced Oblivion" (worn) {Sorc, Bglg}
   (You found it on level 2 of the Dungeon)

   It has a curse which improves the following skills: Sorcery: Conjurations and
   Alchemy.
   Beguiling: Hexes and Translocations.
 B - the cursed +3 kite shield of Ashenzari's Limitation (worn) {AC+3, Sorc, Elem}
   (You took it off a naga warrior on level 2 of the Snake Pit)

   It has a curse which improves the following skills: Sorcery: Conjurations and
   Alchemy.
   Elements:  Fire Magic, Ice Magic, Air Magic and Earth Magic.
 E - the cursed +0 pair of gloves of Supernal Understanding (worn) {Melee, Fort}
   (You found it on level 6 of the Dungeon)

   It has a curse which improves the following skills: Melee Combat: Short
   Blades, Long Blades, Axes, Maces & Flails, Polearms, Staves and Unarmed
   Combat.
   Fortitude: Shields.
 L - a +2 pair of gloves of hurling
 V - the cursed +3 hat of Pondering (worn) {ponderous, Will+ MP+10 Int+5, Dev, Self}
   (You found it on level 3 of the Elven Halls)

   Int+5:     It affects your intelligence (+5).
   Will+:     It increases your willpower.
   MP+10:     It affects your magic capacity (+10).
   It has a curse which improves the following skills: Devices: Evocations and
   Shapeshifting.
   Introspection: Fighting and Spellcasting.
 X - the cursed +2 cloak of Toth-Mos's Legacy (worn) {rElec, Fort, Sorc}
   (You found it on level 3 of the Elven Halls)

   rElec:     It insulates you from electricity.
   It has a curse which improves the following skills: Fortitude: Shields.
   Sorcery:   Conjurations and Alchemy.
Jewellery
 t - a cursed ring "Bound With Me" (right hand) {Int+6, Self, Bglg}
   (You found it on level 3 of the Dungeon)

   [ring of intelligence]

   Int+6:     It affects your intelligence (+6).
   It has a curse which improves the following skills: Introspection: Fighting
   and Spellcasting.
   Beguiling: Hexes and Translocations.
 v - the cursed ring "Tethered With Me" (left hand) {Dex+6, Dev, Melee}
   (You found it on level 5 of the Dungeon)

   [ring of dexterity]

   Dex+6:     It affects your dexterity (+6).
   It has a curse which improves the following skills: Devices: Evocations and
   Shapeshifting.
   Melee Combat: Short Blades, Long Blades, Axes, Maces & Flails, Polearms,
   Staves and Unarmed Combat.
 I - a +6 ring of intelligence
 J - the cursed amulet of Ouranomancy (around neck) {RegenMP, Elem, Fort}
   (You bought it in a shop on level 1 of the Elven Halls)

   [amulet of magic regeneration]

   RegenMP:   It increases your rate of magic regeneration.
   It has a curse which improves the following skills: Elements: Fire Magic, Ice
   Magic, Air Magic and Earth Magic.
   Fortitude: Shields.
Wands
 r - a wand of flame (79)
 C - a wand of iceblast (89)
 N - a wand of quicksilver (18)
 Q - a wand of charming (58)
 R - a wand of mindburst (31)
 Y - a wand of polymorph (18)
 Z - a wand of digging (11)
Scrolls
 c - 5 scrolls of brand weapon
 e - 17 scrolls of teleportation {@r4}
 g - 8 scrolls of vulnerability
 o - 10 scrolls of revelation
 q - 13 scrolls of poison
 s - 5 scrolls of fog
 u - 7 scrolls of torment
 w - 8 scrolls of noise
 x - 6 scrolls of silence
 y - 7 scrolls of immolation
 K - 6 scrolls of blinking
 M - 49 scrolls of identify {@r1}
 O - 11 scrolls of enchant weapon
 P - 2 scrolls of enchant armour
 S - 9 scrolls of amnesia
 T - a scroll of summoning
 W - 9 scrolls of fear
Potions
 a - 3 potions of magic
 d - 14 potions of heal wounds {@q2}
 f - 5 potions of invisibility
 h - 41 potions of curing {@q1}
 k - 8 potions of enlightenment
 l - 11 potions of mutation
 m - 3 potions of berserk rage
 n - 9 potions of ambrosia
 p - 9 potions of cancellation
 z - 8 potions of lignification
 A - 7 potions of attraction
 D - 3 potions of haste {@q3}
 F - 2 potions of resistance
 G - 11 potions of might
 H - 9 potions of brilliance
Miscellaneous
 j - a lightning rod (4/4)
 U - a phial of floods


   Skills:
 - Level 16.5(20.0) Fighting
 - Level 10.4(14.0) Short Blades
 - Level 20.0 Dodging
 - Level 6.1 Stealth
 - Level 15.9(20.5) Shields
 - Level 16.5(20.0) Spellcasting
 - Level 11.8(17.5) Conjurations
 - Level 7.3(12.0) Hexes
 - Level 15.7(19.2) Fire Magic
 - Level 1.5(3.9) Air Magic
 - Level 23.8(27) Earth Magic
 - Level 11.9(17.6) Alchemy
 + Level 17.1(20.5) Shapeshifting


You had 12 spell levels left.
You knew the following spells:

 Your Spells              Type           Power      Damage    Failure   Level
a - Lehudib's Crystal Sp  Conj/Erth      50%        10d12     1%          8
b - Shatter               Erth           54%        3d41*     1%          9
c - Petrify               Alch/Erth      100%       N/A       0%          4
d - Olgreb's Toxic Radia  Alch           90%        N/A       0%          4
e - Ignition              Fire           47%        3d13      2%          8
f - Sticky Flame          Fire/Alch      92%        2d14      0%          4
g - Lee's Rapid Deconstr  Erth           54%        3d25*     0%          5
h - Irradiate             Conj/Alch      45%        3d26      0%          5
i - Orb of Destruction    Conj           45%        9d12      1%          7

Your spell library contained the following spells:

 Spells                   Type           Power      Damage    Failure   Level
 Foxfire                  Conj/Fire      100%       2x1d9     0%          1
 Kiss of Death            Conj/Necr      100%       2d13      0%          1
 Magic Dart               Conj           100%       1d8       0%          1
 Sandblast                Erth           100%       2d20      0%          1
 Shock                    Conj/Air       100%       1d9       0%          1
 Slow                     Hex            100%       N/A       0%          1
 Sting                    Conj/Alch      100%       1d9       0%          1
 Jinxbite                 Hex            100%       N/A       0%          2
 Mercury Vapours          Alch/Air       100%       N/A       0%          2
 Scorch                   Fire           100%       2d9       0%          2
 Confusing Touch          Hex            76%        N/A       0%          3
 Dazzling Flash           Conj/Hex       100%       N/A       0%          3
 Inner Flame              Hex/Fire       85%        N/A       0%          3
 Mephitic Cloud           Conj/Alch/Air  79%        N/A       0%          3
 Passwall                 Erth           100%       N/A       0%          3
 Sigil of Binding         Hex            76%        N/A       0%          3
 Stone Arrow              Conj/Erth      100%       3d13      0%          3
 Brom's Barrelling Bould  Conj/Erth      100%       2d11      0%          4
 Flame Wave               Conj/Fire      92%        2d19      0%          4
 Fulminant Prism          Conj/Alch      45%        3d21      0%          4
 Ignite Poison            Fire/Alch      92%        N/A       0%          4
 Alistair's Intoxication  Alch           60%        N/A       0%          5
 Fireball                 Conj/Fire      46%        3d18      0%          5
 Iskenderun's Battlesphe  Conj           90%        2d14      0%          5
 Apportation              Tloc           62%        N/A       1%          1
 Freeze                   Ice            100%       1d10      1%          1
 Necrotise                Necr           100%       1d9       1%          1
 Summon Small Mammal      Summ           100%       N/A       1%          1
 Blink                    Tloc           62%        N/A       1%          2
 Call Imp                 Summ           54%        N/A       1%          2
 Cigotuvi's Dreadful Rot  Necr/Alch/Air  100%       N/A       1%          2
 Ensorcelled Hibernation  Hex/Ice        100%       N/A       1%          2
 Sublimation of Blood     Necr           27%        N/A       1%          2
 Gell's Gravitas          Tloc           31%        N/A       1%          3
 Hailstorm                Conj/Ice       67%        3d12      1%          3
 Swiftness                Air            49%        N/A       1%          3
 Teleport Other           Tloc           31%        N/A       1%          3
 Volatile Blastmotes      Fire/Tloc      100%       2d18      1%          3
 Airstrike                Air            24%        2d(4-20)  1%          4
 Anguish                  Hex/Necr       28%        N/A       1%          4
 Cause Fear               Hex            38%        N/A       1%          4
 Dimensional Bullseye     Hex/Tloc       29%        N/A       1%          4
 Iskenderun's Mystic Bla  Conj/Tloc      67%        2d14      1%          4
 Summon Blazeheart Golem  Fire/Summ      69%        N/A       1%          4
 Arcjolt                  Conj/Air       36%        1d46      1%          5
 Borgnjor's Vile Clutch   Necr/Erth      40%        N/A       1%          5
 Freezing Cloud           Conj/Ice/Air   31%        6-21      1%          5
 Metabolic Englaciation   Hex/Ice        29%        N/A       1%          5
 Conjure Ball Lightning   Conj/Air       36%        3x3d12    1%          6
 Plasma Beam              Fire/Air       37%        2x1d51    1%          6
 Starburst                Conj/Fire      46%        6d13      1%          6
 Call Canine Familiar     Summ           27%        N/A       2%          3
 Frozen Ramparts          Ice            60%        1d10      2%          3
 Fugue of the Fallen      Necr           27%        N/A       2%          3
 Ozocubu's Armour         Ice            30%        N/A       2%          3
 Summon Ice Beast         Ice/Summ       29%        N/A       2%          3
 Vampiric Draining        Necr           27%        2d7       2%          3
 Summon Mana Viper        Hex/Summ       57%        N/A       2%          5
 Vhi's Electric Charge    Tloc/Air       80%        N/A       3%          4
 Sculpt Simulacrum        Ice/Alch       33%        N/A       3%          6
 Summon Lightning Spire   Summ/Air       38%        N/A       4%          4
 Enfeeble                 Hex            38%        N/A       6%          7
 Manifold Assault         Tloc           31%        N/A       8%          4
 Animate Dead             Necr           27%        N/A       10%         4
 Dispel Undead            Necr           27%        3d13      10%         4
 Martyr's Knell           Necr/Summ      27%        N/A       10%         4
 Spellforged Servitor     Conj/Summ      33%        N/A       24%         7
 Summon Forest            Summ/Tloc      14%        N/A       26%         5
 Curse of Agony           Necr           27%        N/A       30%         5
 Fire Storm               Conj/Fire      46%        8d12      52%         9
 Dispersal                Tloc           15%        N/A       78%         6
 Death Channel            Necr           13%        N/A       86%         6
 Summon Cactus Giant      Summ           13%        N/A       86%         6
 Haunt                    Necr/Summ      13%        N/A       100%        7
 Malign Gateway           Summ/Tloc      14%        N/A       100%        7
 Monstrous Menagerie      Summ           13%        N/A       100%        7
 Ozocubu's Refrigeration  Ice            15%        4d10      100%        7
 Summon Hydra             Summ           13%        N/A       100%        7
 Disjunction              Tloc           15%        N/A       100%        8
 Infestation              Necr           13%        N/A       100%        8
 Summon Horrible Things   Summ           13%        N/A       100%        8
 Chain Lightning          Conj/Air       36%        3d48      100%        9
 Death's Door             Necr           13%        N/A       100%        9
 Dragon's Call            Summ           13%        N/A       100%        9
 Polar Vortex             Ice            15%        12d2*     100%        9
 Animate Armour           Summ/Erth      Unusable   N/A       N/A         4

Dungeon Overview and Level Annotations

Branches:
Dungeon (15/15)            Temple (0/1) D:6            Lair (5/5) D:9
 Shoals (4/4) Lair:2        Snake (4/4) Lair:3        Slime (5/5) Lair:5
    Orc (2/2) D:12            Elf (3/3) Orc:2        Vaults (5/5) D:14
  Crypt (3/3) Vaults:3       Tomb (0/3) Crypt:3      Depths (4/4) D:15
    Zot (5/5) Depths:4     Bailey (visited)

Altars:
Ashenzari
Cheibriados
Elyvilon
Gozag
Hepliaklqana
Makhleb
Nemelex Xobeh
Okawaru
Qazlal
Sif Muna
Uskayaw
Vehumet
Wu Jian
Xom
Yredelemnul
Zin
The Shining One
Jiyva

Shops:
D:8 *   D:9 (   D:15 !!?   Orc:2 *=*(   Elf:1 *   Elf:3 !   Shoals:1 [[
Shoals:2 :=[[=   Snake:3 !:[   Vaults:2 :   Vaults:4 *   Depths:1 ((

Portals:
Hell: Depths:1 Depths:2 Depths:3 Depths:4
Abyss: Depths:2 Depths:3
Pandemonium: Orc:2 Depths:1 Depths:2
Ziggurat: Depths:3

Annotations:
D:5 2 runed translucent doors, BigPumpCobain's ghost, novice TrSh
D:9 exclusion: oklob plant
Lair:2 1 runed translucent door, Meutez's ghost, journeyman OpSh
Shoals:3 exclusion: bog body
Snake:3 Jorgrun
Elf:2 3 runed translucent doors


Innate Abilities, Weirdness & Mutations

Your dull iron-grey scales are very hard. (AC +18)
You are amphibious.
You cannot fit into any form of body armour.
You are cold-blooded and may be slowed by cold attacks.
You are agile. (Dex +4, Str/Int -1)
You are weak. (Str -2)
Your spells are a little easier to cast, but a little less powerful.
You passively dampen the noise of your surroundings.
Your health recovers twice as slowly from being drained.


Message History

Magic restored.
There is a stone staircase leading up here.
You climb upwards.
There is a stone staircase leading down here.
An angel comes into view. It is wielding a +3 whip of holy wrath.
Unknown command.
There is a stone staircase leading up here.
You climb upwards.
There is a stone staircase leading down here.
What level of the Dungeon? (default 1, ? - help)
You see here 6 poisoned darts.
A glowing orange brain comes into view.
Unknown command.
The glowing orange brain turns its attention towards you.
Casting: Lehudib's Crystal Spear (mildly dangerous; 1% risk of failure)
Confirm with . or Enter, or press ? or * to list all spells.
Aiming: Lehudib's Crystal Spear (mildly dangerous; 1% risk of failure)
Press: ? - help, Shift-Dir - straight line, f - glowing orange brain
Aim: a glowing orange brain (96% to hit)
The crystal spear hits the glowing orange brain!!!
You kill the glowing orange brain!
What level of the Dungeon? (default 1, ? - help)
You sense a monster nearby.
A cacodemon comes into view.
Kocvaw comes into view.
Press: ? - help, v - describe, . - travel
Here: Kocvaw The floor.
Kocvaw blinks!
You feel yourself speed up.
A ynoxinul comes into view.
Some rock shatters into small pieces.
There is an escape hatch in the floor here.
You hear a grinding noise.
You hear a grinding noise.
Blink to where?
Press: ? - help, Dir - move target
As you read the scroll of blinking, it crumbles to dust.
You hear a grinding noise.
You have escaped!

################
#.............>#
#..#..#..#..#..##
#...............#
#...............##
#@............>..#
#...............#,
#...............#*
#..#..#..#..#...#*
#.............>.#*
##############...,
#.......##
#.......{&
#.....P.P#


There were no monsters in sight!

Vanquished Creatures
  the Royal Jelly (Slime:5)
  2 dread liches
  An ancient lich (Zot:5)
  5 orbs of fire
  A juggernaut (Depths:2)
  A Killer Klown (Zot:5)
  Bai Suzhen (Shoals:3)
  16 golden dragons
  4 curse toes
  A caustic shrike (Depths:2)
  Norris (Vaults:1)
  2 electric golems
  4 hellephants
  16 tentacled monstrosities
  19 Orb Guardians
  4 liches
  Asterion (Vaults:1)
  An Ice Fiend (Depths:1)
  3 deep elf blademasters (Elf:3)
  5 sphinxes
  A walking divine tome (Depths:4)
  5 titans
  A pandemonium lord (Depths:1)
  5 ancient champions
  3 deep elf master archers (Elf:3)
  18 acid blobs
  9 quicksilver dragons
  An Executioner (D:7)
  2 tentacled starspawn
  11 death cobs
  Donald (Snake:1)
  9 rockslimes
  Aizul (Snake:1)
  11 shadow dragons
  9 azure jellies
  A protean progenitor (Zot:2)
  A daeva (D:5)
  14 storm dragons
  2 tengu reavers
  6 draconian monks
  3 revenants
  5 draconian knights
  3 nagarajas (Snake:4)
  An iron dragon (Vaults:5)
  6 deep elf sorcerers (Elf:3)
  A juggernaut zombie (Crypt:2)
  15 draconian scorchers
  12 frost giants
  A balrug (Depths:2)
  9 fire giants
  6 ghost moths
  3 curse skulls
  11 draconian shifters
  15 vault wardens
  2 spectral juggernauts (Crypt:3)
  9 deep elf elementalists (Elf:3)
  7 draconian stormcallers
  2 ghouls (Crypt:2)
  13 ironbound preservers
  2 caustic shrike zombies
  6 draconian annihilators
  An orc warlord (Vaults:1)
  3 reapers
  17 very ugly things
  A caustic shrike skeleton (Crypt:2)
  13 stone giants
  7 formless jellyfish
  7 quicksilver oozes
  A cacodemon (Depths:1)
  An angel (Shoals:3)
  A juggernaut skeleton (Crypt:2)
  11 black draconians
  5 ironbound thunderhulks
  A spriggan defender (Depths:3)
  3 demonspawn black suns (Zot:1)
  23 green draconians
  13 vampire knights
  17 red draconians
  11 deep elf death magi
  3 deep elf demonologists
  15 dire elephants
  11 deep elf annihilators
  18 white draconians
  15 purple draconians
  A spectral titan (Crypt:3)
  4 war gargoyles (Vaults:5)
  Azrael (Snake:1)
  9 yellow draconians
  10 eidola
  A green death (Depths:2)
  3 spectral quicksilver dragons (Crypt:3)
  17 merfolk impalers
  12 jiangshi
  13 ettins
  11 deep elf high priests
  5 rakshasas
  Josephine (Lair:4)
  10 merfolk javelineers
  13 yaktaur captains
  4 entropy weavers
  4 spectral spriggans (Crypt:3)
  13 great orbs of eyes
  32 vault guards
  A fenstrider witch zombie (Crypt:2)
  10 fire dragons
  A hell beast (Zot:1)
  Fannar (Orc:1)
  5 ogre magi
  8 spriggan air magi
  8 ice dragons
  2 demonspawn (Orc:2)
  A sphinx zombie (Vaults:4)
  A spriggan skeleton (Crypt:2)
  A salamander tyrant (Snake:4)
  An alligator snapping turtle (Shoals:4)
  A catoblepas (D:14)
  14 centaur warriors
  4 death knights
  3 merfolk aquamancers
  5 hydras
  8 anacondas
  8 ironbound frosthearts
  3 merfolk avatars
  A spectral stone giant (Crypt:3)
  An anaconda (shapeshifter) (Depths:3)
  3 boulder beetles
  18 dancing weapons
  A quicksilver dragon skeleton (Crypt:2)
  15 two-headed ogres
  A two-headed ogre (shapeshifter) (Depths:2)
  2 spectral dire elephants (Crypt:3)
  An Orb Guardian skeleton (Crypt:3)
  22 naga warriors
  11 deep troll earth magi
  3 tengu warriors
  3 deep troll shamans
  6 death yaks
  4 occultists
  2 spectral storm dragons (Crypt:3)
  2 thrashing horrors (Abyss:4)
  5 orc high priests (Orc:2)
  3 sun demons
  11 deep elf knights
  13 naga sharpshooters
  14 vampire magi
  19 hell knights
  Urug (D:13)
  Sonja (Lair:3)
  5 shock serpents
  A wretched star (Abyss:5)
  A shock serpent (shapeshifter) (Depths:2)
  A storm dragon zombie (Crypt:1)
  4 shadow wraiths (Crypt:3)
  4 skysharks
  3 salamander mystics
  8 soul eaters
  10 iron trolls
  A spatial maelstrom (Abyss:5)
  5 sea snakes
  19 skeletal warriors
  12 flayed ghosts
  4 glowing orange brains
  A bunyip zombie (Abyss:2)
  A titan skeleton (Crypt:2)
  A spriggan simulacrum (Crypt:3)
  36 deep trolls
  2 cherubim
  14 deep elf archers
  7 arcanists
  11 naga ritualists
  15 ironbound convokers
  An anaconda skeleton (Crypt:2)
  A steelbarb worm (shapeshifter) (Vaults:5)
  A bog body (Crypt:2)
  An obsidian statue (Depths:2)
  An elf zombie (Vaults:2)
  A harpy (shapeshifter) (D:15)
  4 harpies
  13 phantasmal warriors
  8 orc knights
  20 deep elf zephyrmancers
  A fenstrider witch simulacrum (Crypt:2)
  3 lindwurms
  11 necromancers
  2 wolf spiders
  6 orc sorcerers (Orc:2)
  26 deep elf pyromancers
  A golden dragon skeleton (Crypt:1)
  39 ugly things
  12 mana vipers
  An alligator zombie (Crypt:1)
  10 manticores
  A tengu skeleton (Vaults:2)
  3 shining eyes
  A human zombie (Vaults:2)
  A shadow dragon skeleton (Crypt:3)
  23 moths of wrath
  7 fauns
  19 salamanders
  A faun (shapeshifter) (Depths:2)
  Maurice (D:9)
  5 large abominations
  9 elephants
  2 spectral centaurs (Crypt:3)
  7 cyclopes
  An orc zombie (Crypt:2)
  4 kobold blastminers (Orc:2)
  5 merfolk sirens
  3 meliai (shapeshifter)
  13 naga magi
  2 smoke demons
  A centaur zombie (Crypt:2)
  2 black mambas (shapeshifter)
  A formless jellyfish zombie (Crypt:1)
  2 water nymphs (shapeshifter)
  4 water nymphs
  2 titan simulacra (Crypt:3)
  A human skeleton (Vaults:2)
  3 meliai (Lair:5)
  2 guardian serpents (Snake:2)
  33 black mambas
  19 vault sentinels
  3 eyes of devastation
  2 torpor snails
  An orange demon (D:4)
  2 spectral iron trolls (Crypt:1)
  5 rime drakes
  Maggie (D:9)
  17 cane toads
  An unseen horror (shapeshifter) (Depths:2)
  Jeremiah (Lair:1)
  3 kobold demonologists
  A spectral naga (Crypt:3)
  A yellow draconian zombie (Crypt:3)
  11 komodo dragons
  2 spectral deep trolls (Crypt:1)
  An ice devil (Orc:2)
  25 yaktaurs
  2 tengu conjurers
  A yaktaur skeleton (Vaults:4)
  An ancient zyme (Abyss:2)
  3 spectral harpies (Crypt:3)
  16 freezing wraiths
  A harpy zombie (Crypt:1)
  A red devil (Zot:5)
  A golden dragon simulacrum (Abyss:2)
  A troll (shapeshifter) (Depths:2)
  2 polar bears
  8 trolls
  A queen bee (Lair:5)
  A hydra zombie (Crypt:2)
  A hornet (shapeshifter) (Depths:2)
  A white draconian skeleton (Crypt:1)
  A hellwing (Abyss:4)
  A wind drake (Shoals:3)
  16 merfolk
  A death drake skeleton (Crypt:2)
  2 harpy skeletons
  A hydra skeleton (Crypt:2)
  20 blink frogs
  2 fire dragon zombies
  A raiju (Abyss:4)
  A raiju (shapeshifter) (D:15)
  7 glass eyes
  A blink frog (shapeshifter) (D:14)
  2 glass eyes (shapeshifter)
  An iron dragon simulacrum (Crypt:1)
  6 snapping turtles
  17 dream sheep
  84 slime creatures
  A culicivora (Vaults:2)
  A jumping spider (shapeshifter) (Elf:1)
  Sigmund (D:3)
  21 yaks
  3 air elementals
  An ettin skeleton (Crypt:2)
  3 vampires (Crypt:3)
  A wind drake zombie (Crypt:2)
  2 ynoxinuls
  6 fire elementals
  4 wyverns
  20 water elementals
  A yak (shapeshifter) (Elf:1)
  5 shadows
  2 dire elephant simulacra (Crypt:3)
  A hog (shapeshifter) (Depths:2)
  A human (shapeshifter) (Depths:2)
  15 wraiths
  13 golden eyes
  2 steam dragons
  6 basilisks
  2 fire bats (shapeshifter) (Depths:2)
  4 redbacks (Vaults:2)
  A redback (shapeshifter) (Depths:2)
  2 vampire mosquitoes (D:14)
  A chaos spawn (Orc:2)
  A demonspawn zombie (Crypt:2)
  A deep troll zombie (Crypt:2)
  A glowing shapeshifter zombie (Crypt:1)
  2 naga zombies (Crypt:2)
  36 nagas
  2 fire bat zombies (Crypt:1)
  2 acid dragons
  7 hell hounds
  13 water moccasins
  34 orc warriors
  2 sky beasts (D:7)
  An ettin simulacrum (Crypt:2)
  A black bear (D:8)
  11 ogres
  27 centaurs
  14 laughing skulls
  A swamp dragon zombie (Crypt:2)
  A centaur (shapeshifter) (Elf:2)
  2 earth elementals
  3 kobold brigands (D:11)
  14 bullfrogs
  A necrophage (Crypt:2)
  3 scorpions
  3 gnoll sergeants
  A komodo dragon skeleton (Crypt:2)
  7 wights
  A human simulacrum (Vaults:4)
  A polar bear zombie (Crypt:3)
  28 killer bees
  3 electric eels
  7 howler monkeys
  A raiju skeleton (Crypt:2)
  A crimson imp (D:7)
  3 hounds
  A quasit (Abyss:2)
  4 jellies
  31 orc priests
  Terence (D:3)
  2 iguanas (D:6)
  13 orc wizards
  An acid dragon zombie (Crypt:3)
  A steam dragon zombie (Crypt:3)
  19 gnolls
  6 adders
  A shadow imp (D:6)
  A white imp (D:7)
  2 ufetubi (D:7)
  2 worms
  2 dart slugs
  91 orcs
  9 ball pythons
  A bat skeleton (Crypt:3)
  19 endoplasms
  3 giant cockroaches
  18 goblins
  7 hobgoblins
  3 jackals (D:3)
  17 kobolds
  4 quokkas
  3 training dummies (Depths:1)
  8 bats
  5 frilled lizards
  2 hobgoblin skeletons
  A kobold skeleton (Crypt:2)
  5 rats
  2 aspiring fleshes (Zot:2)
  A starspawn tentacle (Abyss:2)
2374 creatures vanquished.

Vanquished Creatures (others)
  A merfolk aquamancer (Shoals:4)
  A naga warrior (Snake:1)
  A deep elf zephyrmancer (Elf:1)
  A water elemental (Elf:2)
  A centaur (Shoals:2)
  A scorpion (shapeshifter) (Elf:2)
  5 starspawn tentacles
11 creatures vanquished.

Grand Total: 2385 creatures vanquished

Notes
Turn   | Place    | Note
-------+----------+-------------------------------------------
     0 | D:1      | freelancePsychic the Draconian Alchemist began the quest
                  | for the Orb.
     0 | D:1      | Reached XP level 1. HP: 14/14 MP: 3/3
   212 | D:1      | Reached XP level 2. HP: 18/20 MP: 0/5
   863 | D:1      | Learned a level 2 spell: Mercury Vapours
  1119 | D:2      | Reached XP level 3. HP: 21/26 MP: 2/6
  2106 | D:3      | Reached XP level 4. HP: 30/33 MP: 3/7
  2207 | D:3      | Reached skill level 1 in Air Magic
  2243 | D:3      | Found a faded altar of an unknown god.
  2589 | D:3      | Noticed a scorpion
  2602 | D:3      | Killed a scorpion
  2603 | D:3      | Reached XP level 5. HP: 38/38 MP: 1/9
  2870 | D:3      | Noticed Terence
  2877 | D:3      | Killed Terence
  2981 | D:3      | Noticed Sigmund
  3005 | D:3      | Killed Sigmund
  3006 | D:3      | Reached skill level 5 in Alchemy
  3006 | D:3      | Reached XP level 6. HP: 45/45 MP: 3/10
  3419 | D:4      | Learned a level 4 spell: Olgreb's Toxic Radiance
  3450 | D:4      | Identified the +4 flail of Ash {pain, rPois Str+3}
  3979 | D:4      | Found a stormy altar of Qazlal.
  4329 | D:5      | Entered Level 5 of the Dungeon
  4329 | D:5      | Noticed an ice beast
  4555 | D:5      | Found a runed translucent door.
  4637 | D:5      | Noticed BigPumpCobain's ghost (novice TrSh)
  4657 | D:5      | Reached skill level 1 in Fighting
  4657 | D:5      | Your scales start taking on a dull iron-grey colour.
  4657 | D:5      | Reduced skill Air Magic to level 1
  4657 | D:5      | Reached XP level 7. HP: 52/52 MP: 6/11
  4893 | D:5      | Found a hazy altar of Hepliaklqana.
  4946 | D:5      | Found a runed translucent door.
  4994 | D:5      | Found an ornate altar of the Wu Jian Council.
  5300 | D:5      | Found a broken altar of Ashenzari.
  5301 | D:5      | Found a hide-covered altar of Uskayaw.
  5367 | D:5      | Found an opulent altar of Gozag.
  5528 | D:5      | Became a worshipper of Ashenzari the Shackled
  5811 | D:6      | Found a staircase to the Ecumenical Temple.
  5990 | D:6      | Found a snail-covered altar of Cheibriados.
  6328 | D:6      | Reached XP level 8. HP: 51/62 MP: 5/14
  6471 | D:7      | Found a flagged portal.
  6549 | Bailey   | Entered a bailey
  7790 | D:7      | Reached skill level 5 in Spellcasting
  7790 | D:7      | Reached XP level 9. HP: 64/72 MP: 5/16
  7881 | D:7      | Reached * piety under Ashenzari
  7924 | D:7      | Learned a level 4 spell: Sticky Flame
  7942 | D:7      | Found a burning altar of Makhleb.
  8173 | D:8      | Found a shimmering blue altar of Sif Muna.
  8180 | D:8      | Reached skill level 5 in Fighting
  8199 | D:8      | Reached skill level 5 in Conjurations
  8462 | D:8      | Found Ea-nāṣir's Fine Metal Goods.
  8726 | D:8      | Found a sparkling altar of Nemelex Xobeh.
  8781 | D:8      | Found a radiant altar of Vehumet.
  8938 | D:8      | Reached ** piety under Ashenzari
  9021 | D:9      | Noticed a komodo dragon
  9028 | D:9      | Killed a komodo dragon
  9163 | D:9      | Found Zajynk's Weapon Emporium.
  9231 | D:9      | Noticed a troll
  9238 | D:9      | Killed a troll
  9239 | D:9      | Reached XP level 10. HP: 69/86 MP: 6/21
  9521 | D:9      | Noticed Maurice
  9523 | D:9      | Noticed a sun demon
  9530 | D:9      | Maurice stole a ring of ice
  9531 | D:9      | Maurice stole a +2 rapier of protection
  9532 | D:9      | Noticed an orange demon
  9532 | D:9      | Killed Maurice
  9567 | D:9      | Noticed Maggie
  9616 | D:9      | Killed Maggie
  9798 | D:9      | Reached *** piety under Ashenzari
  9819 | D:9      | Noticed an oklob plant
 10081 | D:9      | Found a staircase to the Lair.
 10350 | D:9      | Found an iron altar of Okawaru.
 10405 | D:9      | Learned a level 5 spell: Irradiate
 10427 | D:10     | Entered Level 10 of the Dungeon
 10440 | D:10     | Reached skill level 1 in Earth Magic
 10561 | D:10     | Reached skill level 2 in Earth Magic
 10656 | D:10     | Reached skill level 10 in Alchemy
 10936 | D:10     | Noticed a two-headed ogre
 10941 | D:10     | Killed a two-headed ogre
 10942 | D:10     | Reached skill level 3 in Earth Magic
 11101 | D:11     | Identified a scroll of acquirement
 11176 | D:11     | Acquired Sif Muna's Omnibus of Bolts and Direction
 11433 | D:11     | Reached XP level 11. HP: 87/99 MP: 23/23
 11580 | D:11     | Reached skill level 4 in Earth Magic
 11662 | D:11     | Noticed a sun demon
 12521 | D:12     | Found a staircase to the Orcish Mines.
 12539 | D:12     | Identified the +8 great sword of Guile {heavy, rC- MP+9
                  | Str+3}
 12551 | D:12     | Reached skill level 5 in Earth Magic
 12601 | D:12     | Noticed an arcanist
 12609 | D:12     | Noticed an orc knight
 12610 | D:12     | Killed an arcanist
 12620 | D:12     | Killed an orc knight
 13174 | D:13     | Noticed a boulder beetle
 13182 | D:13     | Killed a boulder beetle
 13183 | D:13     | Reached skill level 1 in Fire Magic
 13183 | D:13     | Reached skill level 6 in Earth Magic
 13448 | D:13     | Reached **** piety under Ashenzari
 13449 | D:13     | Noticed Urug
 13464 | D:13     | Killed Urug
 13669 | D:13     | Noticed a centaur warrior
 13679 | D:13     | Killed a centaur warrior
 13683 | D:13     | Reached skill level 10 in Fighting
 13793 | D:13     | Reached skill level 7 in Earth Magic
 13958 | D:13     | Noticed a centaur warrior
 13970 | D:13     | Killed a centaur warrior
 14092 | D:13     | Found a basalt altar of Yredelemnul.
 14094 | D:13     | Found a glowing golden altar of the Shining One.
 14094 | D:13     | Found a glowing silver altar of Zin.
 14096 | D:13     | Found a white marble altar of Elyvilon.
 14096 | D:13     | Found a shimmering altar of Xom.
 14096 | D:13     | Found a shimmering altar of Xom.
 14110 | D:13     | Reached XP level 12. HP: 92/112 MP: 17/25
 14447 | D:14     | Learned a level 5 spell: Lee's Rapid Deconstruction
 14452 | D:14     | Learned a level 4 spell: Petrify
 14560 | D:14     | Noticed a catoblepas
 14576 | D:14     | Reached skill level 1 in Short Blades
 14584 | D:14     | Killed a catoblepas
 14585 | D:14     | Reached skill level 8 in Earth Magic
 14702 | D:14     | Found a flickering gateway to a bazaar.
 14702 | D:14     | Noticed a centaur warrior
 14708 | D:14     | Killed a centaur warrior
 14711 | Bazaar   | Entered a bazaar
 14896 | Bazaar   | Found Pylijeh's Magic Scroll Shop.
 14909 | Bazaar   | Found Vuru's Antique Weapon Shop.
 14941 | Bazaar   | Found Tisko's Antique Armour Shop.
 14941 | Bazaar   | Found Awusch's Armour Boutique.
 14982 | Bazaar   | Upgraded the game from 0.31-a0-1405-g2bb1a01664 to
                  | 0.31-a0-1447-g87ca8d402b
 15006 | Bazaar   | Bought a scroll of immolation for 76 gold pieces
 15006 | Bazaar   | Bought a scroll of fear for 76 gold pieces
 15006 | Bazaar   | Bought a scroll of teleportation for 57 gold pieces
 15006 | Bazaar   | Bought a scroll of immolation for 76 gold pieces
 15006 | Bazaar   | Bought a scroll of teleportation for 57 gold pieces
 15506 | Lair:1   | Entered Level 1 of the Lair of Beasts
 15725 | Lair:1   | Noticed Jeremiah
 15734 | Lair:1   | Killed Jeremiah
 15742 | Lair:1   | Reached skill level 9 in Earth Magic
 15963 | Lair:1   | Noticed a boulder beetle
 15972 | Lair:1   | Killed a boulder beetle
 16943 | Lair:2   | Found a runed translucent door.
 16949 | Lair:2   | Identified the +7 spear "Gydwi" {vamp, rCorr Int+3 SInv}
 16949 | Lair:2   | Noticed Meutez's ghost (journeyman OpSh)
 17221 | Lair:2   | Found a staircase to the Shoals.
 17233 | Lair:2   | Reached XP level 13. HP: 115/122 MP: 18/26
 17290 | Lair:2   | Reached skill level 10 in Earth Magic
 17648 | D:9      | Reached ***** piety under Ashenzari
 18176 | Lair:3   | Noticed Sonja
 18181 | Lair:3   | Killed Sonja
 18356 | Lair:3   | Identified the +2 robe "Siro Bon" {rC- Str+5 Archmagi}
 18574 | Lair:3   | Reached skill level 5 in Dodging
 18689 | Lair:3   | Found a staircase to the Snake Pit.
 20014 | Lair:4   | Noticed Josephine
 20028 | Lair:4   | Killed Josephine
 21028 | Lair:5   | Entered Level 5 of the Lair of Beasts
 21638 | Lair:5   | Reached skill level 1 in Shields
 21724 | Lair:5   | Found a staircase to the Slime Pits.
 21835 | Lair:5   | Reached XP level 14. HP: 135/135 MP: 19/27
 22954 | Orc:1    | Entered Level 1 of the Orcish Mines
 23009 | Orc:1    | Noticed Fannar
 23021 | Orc:1    | Killed Fannar
 23022 | Orc:1    | Reached skill level 5 in Shields
 23321 | Orc:2    | Entered Level 2 of the Orcish Mines
 23894 | Orc:2    | Found Remn's General Store.
 23904 | Orc:2    | Found Surunn's General Store.
 24195 | Orc:2    | Bought the +7 rapier of Yqets {drain, rF++} for 867 gold
                  | pieces
 24386 | Orc:2    | Found a staircase to the Elven Halls.
 24478 | Orc:2    | Reached skill level 5 in Short Blades
 25038 | Orc:2    | Paralysed by an orc sorcerer for 3 turns
 25050 | Orc:2    | Reached skill level 10 in Conjurations
 25214 | Orc:2    | Found Liushruu's Jewellery Boutique.
 25214 | Orc:2    | Found Emuzuq's Antique Weapon Shop.
 25215 | Orc:2    | Found a one-way gate leading to the halls of Pandemonium.
 25643 | D:14     | Reached XP level 15. HP: 97/139 MP: 0/28
 25955 | D:14     | Found a gate to the Vaults.
 26511 | D:15     | Entered Level 15 of the Dungeon
 27460 | D:15     | Found Juyloahi's Distillery.
 27561 | D:15     | Bought a potion of heal wounds for 55 gold pieces
 27828 | D:15     | Found Wuizeheo's Magic Scroll Shoppe.
 27836 | D:15     | Bought a scroll of fear for 72 gold pieces
 28130 | D:15     | Found Reipasas's Distillery.
 28151 | D:15     | Found a staircase to the Depths.
 28697 | Snake:1  | Entered Level 1 of the Snake Pit
 28705 | Snake:1  | Reached skill level 10 in Shields
 28744 | Snake:1  | Identified the serpent talisman "Hicish" {rElec Str+2
                  | Dex-2}
 28744 | Snake:1  | Noticed Aizul
 28766 | Snake:1  | Killed Aizul
 29008 | Snake:1  | Noticed Azrael
 29021 | Snake:1  | Killed Azrael
 29406 | Elf:1    | Entered Level 1 of the Elven Halls
 29419 | Elf:1    | Paralysed by an air elemental for 1 turns
 29594 | Elf:1    | Paralysed by an air elemental for 1 turns
 30634 | Elf:1    | Found Rautz's Neck Hole.
 30640 | Elf:1    | Bought an amulet of magic regeneration for 360 gold pieces
 30675 | Elf:1    | Reached XP level 16. HP: 125/149 MP: 13/31
 31763 | Snake:1  | Reached skill level 11 in Earth Magic
 32181 | Snake:1  | Noticed Donald
 32198 | Snake:1  | Killed Donald
 32946 | Snake:1  | Reached skill level 12 in Earth Magic
 33304 | Snake:2  | Reached skill level 13 in Earth Magic
 34095 | Snake:2  | Reached skill level 14 in Earth Magic
 34915 | Snake:3  | Learned a level 9 spell: Shatter
 34932 | Snake:3  | Reached ****** piety under Ashenzari
 34960 | Snake:3  | Found Xuotasu's Antique Armour Shoppe.
 34960 | Snake:3  | Found Sono's Book Emporium.
 34985 | Snake:3  | Reached skill level 15 in Earth Magic
 35412 | Snake:3  | Found Kyfili's Distillery.
 35516 | Snake:3  | Bought a book of the Spheres for 640 gold pieces
 35528 | Snake:3  | Noticed Jorgrun
 36011 | Snake:3  | Reached skill level 16 in Earth Magic
 36362 | Snake:4  | Entered Level 4 of the Snake Pit
 36392 | Snake:4  | Learned a level 7 spell: Orb of Destruction
 36880 | Snake:4  | Reached XP level 17. HP: 130/156 MP: 5/32
 37367 | Snake:4  | Reached skill level 17 in Earth Magic
 38097 | Snake:4  | Reached skill level 10 in Dodging
 38548 | Snake:4  | Reached skill level 18 in Earth Magic
 39186 | Snake:4  | Got a serpentine rune of Zot
 39518 | Shoals:1 | Entered Level 1 of the Shoals
 39773 | Shoals:1 | Found Pueng's Armour Shoppe.
 39999 | Shoals:1 | Found Faidashruon's Antique Armour Shop.
 40003 | Shoals:1 | Bought a pair of runed gloves for 255 gold pieces
 40304 | Shoals:2 | Identified the +5 scale mail of Lethargy {Rampage ^Drain
                  | rElec Str+7}
 40461 | Shoals:2 | Found Ylumitof's Jewellery Emporium.
 40494 | Shoals:2 | Found Digujen's Book Shoppe.
 40643 | Shoals:2 | Found Calupuy's Antique Armour Boutique.
 40717 | Shoals:2 | Found Biveweupt's Antique Armour Shop.
 40718 | Shoals:2 | Found Exentez's Jewellery Shoppe.
 40878 | Shoals:2 | Reached skill level 19 in Earth Magic
 41957 | Shoals:4 | Entered Level 4 of the Shoals
 41957 | Shoals:4 | Noticed Bai Suzhen
 42012 | Shoals:3 | Killed Bai Suzhen
 42578 | Shoals:4 | Reached XP level 18. HP: 94/163 MP: 34/34
 42857 | Shoals:4 | Identified the +7 quick blade of Ejesiffy {freeze, rC+
                  | Stlth+}
 42879 | Shoals:4 | Reached skill level 20 in Earth Magic
 43028 | Shoals:4 | Found a glowing golden altar of the Shining One.
 43043 | Shoals:4 | Got a barnacled rune of Zot
 43245 | Shoals:4 | Found a glowing silver altar of Zin.
 43417 | Shoals:4 | Identified Sif Muna's Almanac of the Boulder and the Undead
 43446 | Shoals:4 | Identified the ring of the Fool {Will+ Str+6}
 43514 | Shoals:4 | Found a white marble altar of Elyvilon.
 43929 | Shoals:4 | Identified the +3 scimitar of Nirao {heavy, *Noise Will+
                  | Str+5}
 43929 | Shoals:4 | Identified the ring of Harmony {Fly Will+ Str+9}
 44633 | Elf:2    | Reached skill level 21 in Earth Magic
 45306 | Elf:2    | Found a runed translucent gate.
 45306 | Elf:2    | Found a runed translucent gate.
 45317 | Elf:2    | Found a runed translucent gate.
 45576 | Elf:3    | Entered Level 3 of the Elven Halls
 45663 | Elf:3    | Identified the ring "Uxakhli" {rElec rF++ Will+ AC+4 Int-5}
                  | (You took it off a deep elf death mage on level 3 of the
                  | Elven Halls)
 45672 | Elf:3    | Reached skill level 22 in Earth Magic
 45676 | Elf:3    | Identified the +2 short sword "Leadytinn" {drain, rF+ rC+
                  | Will+ Int+2}
 45698 | Elf:3    | Reached XP level 19. HP: 127/170 MP: 13/35
 46329 | Elf:3    | Identified the +2 robe of Focaf {rF+++ rN+ Regen+ Int-2}
 46407 | Elf:3    | Identified the +1 scale mail of Card Tricks {*Corrode rElec
                  | rPois Str+2}
 46423 | Elf:3    | Found the +3 hat of Pondering {ponderous, Will+ MP+10
                  | Int+5}
 46425 | Elf:3    | Identified the +2 cloak of Vupaix {rElec}
 46487 | Elf:3    | Identified the Volume of Flammable Sciomancy
 46488 | Elf:3    | Identified the +10 arbalest of Huteos {freeze, rPois Will-
                  | Int+4}
 46729 | Elf:3    | Found Tidewk's Distillery.
 46825 | Elf:3    | Identified the staff "Leviticus" {rPois rCorr Str-5 Conj}
 46825 | Elf:3    | Identified the +5 ring mail of Foolhardiness {rCorr}
 46956 | Elf:3    | Bought 2 potions of curing for 72 gold pieces
 46956 | Elf:3    | Bought a potion of curing for 36 gold pieces
 47228 | Vaults:1 | Entered Level 1 of the Vaults
 47362 | Vaults:1 | Paralysed by a formless jellyfish for 1 turns
 47367 | Vaults:1 | Paralysed by a formless jellyfish for 1 turns
 47627 | Vaults:1 | Reached skill level 15 in Shields
 47687 | Vaults:1 | Noticed Norris
 47691 | Vaults:1 | Killed Norris
 47748 | Vaults:1 | Paralysed by a formless jellyfish for 1 turns
 48166 | Vaults:1 | Noticed Asterion
 48224 | Vaults:1 | Killed Asterion
 48402 | Vaults:1 | Identified the +0 plate armour of Lethargy {rC+}
 48600 | Vaults:1 | Identified the +2 leather armour of the Present {Str+3}
 48657 | Vaults:1 | Reached skill level 10 in Spellcasting
 49141 | Vaults:1 | Identified the orb of Cocytus {*channel, +Inv Ice}
 49730 | Vaults:2 | Reached XP level 20. HP: 181/181 MP: 19/36
 50527 | Vaults:2 | Found Mezoj's Book Emporium.
 50775 | Vaults:3 | Reached skill level 15 in Fighting
 51294 | Vaults:3 | Identified the ring "Asekick" {Will+ rCorr Str+2}
 51590 | Vaults:3 | Found a staircase to the Crypt.
 52157 | Vaults:3 | Reached skill level 1 in Shapeshifting
 52385 | Vaults:4 | Found Dukhlara's Assorted Antiques.
 53327 | Vaults:5 | Entered Level 5 of the Vaults
 53330 | Vaults:5 | Reached skill level 23 in Earth Magic
 53332 | Vaults:5 | Reached XP level 21. HP: 199/201 MP: 17/41
 53590 | Vaults:5 | Noticed a dread lich
 53592 | Vaults:5 | Killed a dread lich
 53594 | Vaults:5 | Noticed a golden dragon
 53598 | Vaults:5 | Identified the +5 rapier "Eviscerator" {flame, Int+7}
 53657 | Vaults:5 | Noticed a golden dragon
 53661 | Vaults:5 | Reached skill level 10 in Short Blades
 53888 | Vaults:5 | Identified the +0 war axe "Grim Tooth" {heavy, rF+ rC+ rN+
                  | Int-5}
 53896 | Vaults:4 | Killed a golden dragon
 53898 | Vaults:4 | Killed a golden dragon
 54692 | Vaults:5 | Identified the +3 plate armour "Vuiteoj" {Rampage Regen+
                  | Str+6 Int-2}
 54756 | Vaults:5 | Reached skill level 1 in Hexes
 54798 | Vaults:5 | Identified the +2 pair of boots of Cecedet {-Cast Dex+10
                  | Stlth+}
 55037 | Vaults:5 | Got a silver rune of Zot
 55038 | Vaults:5 | Identified the +2 robe "Ciuf" {Harm Str-3 Int+5}
 55875 | Shoals:2 | Bought a book of Armaments for 540 gold pieces
 55884 | Shoals:2 | Learned a level 8 spell: Lehudib's Crystal Spear
 56199 | Crypt:1  | Entered Level 1 of the Crypt
 56274 | Crypt:1  | Noticed a dread lich
 56276 | Crypt:1  | Killed a dread lich
 56277 | Crypt:1  | Reached skill level 15 in Dodging
 56328 | Crypt:1  | Reached XP level 22. HP: 160/202 MP: 38/42
 57399 | Crypt:2  | Identified the +0 broad axe of Dawn {antimagic, rPois}
 57404 | Crypt:2  | Reached skill level 5 in Hexes
 59288 | Crypt:3  | Entered Level 3 of the Crypt
 59464 | Crypt:3  | Identified the +4 orcbow "Qeog" {heavy, rPois MP+9 Str+7
                  | Dex-2}
 59793 | Crypt:3  | Reached skill level 5 in Fire Magic
 60544 | Crypt:3  | Found a staircase to the Tomb.
 61083 | Crypt:3  | Reached XP level 23. HP: 75/201 MP: 33/43
 61848 | Crypt:3  | Found the +5 demon whip "Spellbinder" {antimagic, disrupt,
                  | Will+}
 62122 | Depths:1 | Entered Level 1 of the Depths
 62703 | Depths:1 | Found a gateway to Hell.
 62795 | Depths:1 | Found Qekumaqi's Antique Weapon Shop.
 63025 | Depths:1 | Found Hufacs's Firing Range.
 63876 | Depths:2 | Noticed a caustic shrike
 63879 | Depths:2 | Killed a caustic shrike
 64143 | Depths:2 | Identified the ring "Kaosaon" {Str+6 Slay+2}
 64150 | Depths:2 | Gained mutation: You are dopey. (Int -2) [mutagenic glow]
 64175 | Depths:2 | Lost mutation: You are dopey. (Int -2) [potion of mutation]
 64175 | Depths:2 | Gained mutation: You are somewhat resistant to further
                  | mutation. [potion of mutation]
 64300 | Depths:2 | Reached skill level 5 in Shapeshifting
 64325 | Depths:2 | Noticed a juggernaut
 64554 | Depths:2 | Found a one-way gate to the infinite horrors of the Abyss.
 64557 | Depths:2 | Killed a juggernaut
 65137 | Depths:2 | Learned a level 8 spell: Ignition
 65238 | Depths:3 | Reached skill level 10 in Fire Magic
 65291 | Depths:3 | Found a flickering gateway to a bazaar.
 65294 | Depths:3 | Identified the +4 scimitar "Imp's Doom" {heavy, *Rage rElec
                  | rPois Stlth+}
 65303 | Bazaar   | Entered a bazaar
 65369 | Bazaar   | Found Zitem's Antique Armour Shoppe.
 65369 | Bazaar   | Found Wutzuuq's Book Emporium.
 65391 | Bazaar   | Found Yssopria's Weapon Shoppe.
 65391 | Bazaar   | Found Ocutogg's Assorted Antiques.
 65402 | Bazaar   | Bought a steaming rapier for 288 gold pieces
 65402 | Bazaar   | Identified the +9 rapier "Cirghes" {freeze, rC+ Will+++
                  | Dex+5 Stlth-} (You bought it in a shop in a bazaar)
 65402 | Bazaar   | Bought a potion of brilliance for 128 gold pieces
 65415 | Bazaar   | Found Olonet's Magic Scroll Emporium.
 65420 | Bazaar   | Bought a scroll of acquirement for 676 gold pieces
 65420 | Bazaar   | Acquired Xinwe's Vellum of Deathly Oxidation
 66063 | Depths:3 | Found a one-way gateway to a ziggurat.
 66531 | Depths:3 | Identified the staff "Yfufo" {rPois rN+ Conj Alchemy}
 66532 | Depths:3 | Identified the ring "Ylexan" {Wiz SInv}
 66535 | Depths:3 | Identified Muxi's Codex of Stolen Souls
 66551 | Depths:3 | Identified the ring "Decvyth" {Fly rC+ SInv}
 66565 | Depths:3 | Identified the +7 halberd "Suplocimp" {drain, rPois MP+9
                  | Str+3}
 67230 | Depths:4 | Entered Level 4 of the Depths
 67235 | Depths:4 | Reached XP level 24. HP: 224/224 MP: 20/44
 67834 | Depths:4 | Found a gate to the Realm of Zot.
 69113 | Slime:1  | Entered Level 1 of the Pits of Slime
 69912 | Slime:3  | Found a viscous altar of Jiyva.
 70481 | Slime:5  | Entered Level 5 of the Pits of Slime
 70597 | Slime:5  | Reached skill level 15 in Fire Magic
 70869 | Slime:5  | Found a viscous altar of Jiyva.
 70869 | Slime:5  | Noticed the Royal Jelly
 70875 | Slime:5  | Killed the Royal Jelly
 70877 | Slime:5  | Found the +3 pair of gauntlets of War {Slay+5}
 70907 | Slime:5  | Identified the +8 dagger of the End of Times {elec, rN++}
 71054 | Slime:5  | Gained mutation: You are dopey. (Int -2) [a shining eye]
 71108 | Slime:5  | Got a slimy rune of Zot
 71152 | Slime:5  | Identified the +6 dagger "Wimodwixt" {speed, rElec rN+
                  | Stlth+}
 71152 | Slime:5  | Identified the Octavo of the Combined Nimbus
 71153 | Slime:5  | Identified the +5 quarterstaff "Fetwyoll" {flame, Dex+4
                  | SInv}
 71446 | Slime:5  | Paralysed by a formless jellyfish for 1 turns
 71993 | Slime:5  | Lost mutation: You are dopey. (Int -2) [potion of mutation]
 71993 | Slime:5  | Lost mutation: You are somewhat resistant to further
                  | mutation. [potion of mutation]
 71993 | Slime:5  | Gained mutation: Your system is resistant to poisons.
                  | (rPois) [potion of mutation]
 71993 | Slime:5  | Gained mutation: You are agile. (Dex +4, Str/Int -1)
                  | [potion of mutation]
 72481 | Depths:2 | Voluntarily entered the Abyss.
 72493 | Abyss:2  | Found a corrupted altar of Lugonu.
 72498 | Abyss:2  | Found a corrupted altar of Lugonu.
 72692 | Abyss:2  | Found a shimmering altar of Xom.
 72860 | Abyss:4  | Reached skill level 5 in Stealth
 72888 | Abyss:5  | Found a corrupted altar of Lugonu.
 72891 | Abyss:5  | Found a corrupted altar of Lugonu.
 72905 | Abyss:5  | Got an abyssal rune of Zot
 72916 | Depths:2 | Escaped the Abyss
 73071 | Zot:1    | Entered Level 1 of the Realm of Zot
 73149 | Zot:1    | Reached XP level 25. HP: 231/231 MP: 38/44
 73809 | Zot:1    | Noticed an orb of fire
 73816 | Zot:1    | Killed an orb of fire
 73984 | Zot:1    | Identified the +4 spear of the Mushroom {drain, Fly Will+++
                  | Int-4 Stlth+}
 74228 | Zot:1    | Identified the Volume of The Black Sun
 74551 | Zot:2    | Reached skill level 10 in Shapeshifting
 75565 | Zot:2    | Found the +3 giant club "Skullcrusher" {speed, Str+7}
 76217 | Zot:3    | Reached skill level 15 in Spellcasting
 76501 | Zot:3    | Reached XP level 26. HP: 219/239 MP: 30/45
 79199 | Zot:5    | Entered Level 5 of the Realm of Zot
 79214 | Zot:5    | Noticed an orb of fire
 79292 | Zot:5    | Gained mutation: You are vulnerable to cold. (rC-) [an orb
                  | of fire]
 79297 | Zot:4    | Gained mutation: You are weak. (Str -2) [an orb of fire]
 79302 | Zot:4    | Killed an orb of fire
 79505 | Zot:5    | Lost mutation: You are vulnerable to cold. (rC-) [potion of
                  | mutation]
 79505 | Zot:5    | Lost mutation: Your system is resistant to poisons. (rPois)
                  | [potion of mutation]
 79505 | Zot:5    | Gained mutation: Your health recovers twice as slowly from
                  | being drained. [potion of mutation]
 79505 | Zot:5    | Gained mutation: You passively dampen the noise of your
                  | surroundings. [potion of mutation]
 79734 | Zot:5    | Noticed an ancient lich
 79737 | Zot:5    | Killed an ancient lich
 79745 | Zot:5    | Noticed an orb of fire
 79745 | Zot:5    | Noticed an orb of fire
 79750 | Zot:5    | Killed an orb of fire
 79751 | Zot:5    | Reached skill level 15 in Shapeshifting
 79753 | Zot:5    | Killed an orb of fire
 80156 | Zot:5    | Noticed an orb of fire
 80156 | Zot:5    | Gained mutation: Your spells are a little easier to cast,
                  | but a little less powerful. [an orb of fire]
 80165 | Zot:5    | Got the Orb of Zot
 80168 | Zot:5    | Killed an orb of fire
 80258 | Zot:4    | Noticed Sokhum the pandemonium lord
 80456 | Depths:1 | Noticed Rienyiq the pandemonium lord
 80459 | Depths:1 | Killed Rienyiq the pandemonium lord
 80628 | D:10     | Noticed Meywkono the pandemonium lord
 80688 | D:6      | Reached XP level 27. HP: 246/246 MP: 46/47
 80805 | D:1      | Noticed Kocvaw the pandemonium lord
 80831 | D:$      | Escaped with the Orb!

Illustrated notes

Levels and vault maps discovered:
D:1:      lemuel_arrival_broad_hall, layout_rooms, serial_forest,
          infiniplex_forest_zigzag_1, infiniplex_forest_straight_3,
          infiniplex_forest_side_room, infiniplex_forest_clump_small,
          infiniplex_forest_lined_1, infiniplex_forest_zigzag_2,
          infiniplex_forest_end_2, infiniplex_forest_clump_diagonal,
          infiniplex_forest_clump_small, palyth_stone_intersect,
          minmay_misc_feat_more_columns, minmay_pentomino_z4
D:2:      kennysheep_six_static_rooms, layout_basic
D:3:      kennysheep_goblin_castle, layout_loops_cross,
          dreamdust_ecumenical_altar_statues, feat_on_display, uniq_sigmund,
          uniq_terence
D:4:      layout_basic, lemuel_crystal_altar, minmay_misc_feat_alley
D:5:      layout_gridville, worldfamousw_hep_ancestral_shrine,
          nzn_wu_jian_council_hall, grunt_gozag_breadcrumbs,
          gammafunk_temple_overflow_pools, ebering_ghost_sewer_f
D:6:      layout_loops_ring, slow_altar_2, minmay_temple_entry_mist,
          nicolae_nh_ransacked_shop
D:7:      layout_loops_cross, makhleb_grotto_becter, enter_bailey_3
D:8:      layout_rooms, fiery_altar_vehumet, mainiacjoe_overflow_24_doors,
          mainiacjoe_overflow_alcove_2, nicolae_ea-nasir_strikes_again,
          minmay_tree_intersection
D:9:      lemuel_slime, layout_cave_pools, okawaru_altar_gauntlet_db,
          grunt_lair_entry_orc_guard_hut, serial_shops, shop, uniq_maurice,
          uniq_maggie
D:10:     layout_rooms, feat_on_display
D:11:     layout_stronghold, chequers_serial_rivers_micro_d,
          minmay_misc_feat_five
D:12:     kennysheep_big_flooded_room, layout_rooms, hiddenorc1_lemuel
D:13:     layout_loops_corners, doesnt_xom_only_xom, uniq_urug
D:14:     layout_basic, david_vaults_2, minmay_misc_feat_diagonals,
          serial_shops, bzr_entry_dummy, minivault_10
D:15:     hellmonk_depths_entry_around_the_bend, layout_rooms, serial_shops,
          shop, shop, shop_coins, chequers_avenue
Lair:1:   layout_loops_ring, uniq_jeremiah
Lair:2:   layout_gridlike, elwin_shoals_entry_rooms,
          ebering_ghost_funeral_grove, fungi_pond_lemuel, lemuel_fruit_tree
Lair:3:   layout_regular_city, minmay_snake_entry_guardpost_medium, uniq_sonja
Lair:4:   layout_cave_pods, grunt_megastairs_3, infiniplex_staircase_pool,
          uniq_josephine
Lair:5:   hangedman_lair_in_review, layout_misc_corridors,
          dpeg_slime_entry_corner, special_room [special_room_bee]
Shoals:1: layout_shoals, serial_shops, nicolae_shop_back_alley_shop,
          nicolae_shop_crystal
Shoals:2: layout_shoals, serial_shops, nicolae_lakefront_shop, shop_coins, shop,
          shop, shop, nicolae_shoals_shepherds
Shoals:3: layout_shoals, nicolae_shoals_secluded_bog
Shoals:4: shoals_end_hellmonk_holy_island, uniq_bai_suzhen
Snake:1:  layout_layer_cave, grunt_ministairs_14,
          serial_library_hellmonk_recessed_alcove, grunt_megastairs_4,
          uniq_aizul, uniq_donald, uniq_azrael
Snake:2:  layout_cave_pods
Snake:3:  layout_basic, serial_bayou_pond_c, minmay_shop_star, uniq_jorgrun
Snake:4:  snake_pit, layout_onion
Slime:1:  layout_caves
Slime:2:  cheibrodos_slime_lost_civilization_8, layout_caves
Slime:3:  layout_caves, basic_altar
Slime:4:  layout_caves
Slime:5:  slime_pit_nicolae_block_by_block
Orc:1:    layout_caves, uniq_fannar
Orc:2:    pf_orc_diabolical, layout_caves
Elf:1:    nicolae_elf_arrival_aired_out, layout_loops_corners,
          evilmike_minifort, nicolae_shop_sticking_my_neck_out
Elf:2:    elven_hall_of_blades_hangedman_original
          [nicolae_blade_entry_pointy_end], layout_geoelf_octagon
Elf:3:    nooodl_elf_gasket, layout_loops_ring, serial_shops, nicolae_shop_stone
Vaults:1: nicolae_vaults_quadrants, nicolae_vaults_spaceships, v_rooms_1,
          vaults_standard_mumra_lines, nicolae_vaults_trapezoid_lopsided_1,
          vaults_standard_mumra_enter_the_diamond, layout_vaults_omnigrid,
          uniq_norris, uniq_asterion
Vaults:2: nicolae_vaults_wine_cellar, v_misc_16, vaults_room_large_hall,
          v_rooms_4, nicolae_vaults_little_ls, nicolae_vaults_closet_pinwheel_5,
          grunt_vaults_diagonal, v_misc_14, v_misc_4,
          nicolae_vaults_trapezoid_lopsided_3, vaults_dpeg_ring,
          vaults_mumra_lcd, vaults_dpeg_encased_lava, vaults_room_corners,
          layout_vaults_ring, serial_shops, shop
Vaults:3: minmay_crypt_entry_simple_box, nicolae_vaults_heist,
          vaults_dpeg_hooks, nicolae_vaults_closet_pinwheel_5, v_misc_30,
          nicolae_vaults_double_plus_2, nicolae_vaults_hallways_thing,
          dpeg_vaults_monster_row, v_pattern_4, nicolae_vaults_little_squares_3,
          grunt_vaults_hallway_long, nicolae_vaults_offset_grid_hallway_3,
          hangedman_vaults_corner, layout_vaults_big_cross
Vaults:4: nicolae_vaults_more_shelving_1, ontoclasm_vaults_shuriken,
          ontoclasm_vaults_eye, nicolae_vaults_specimen_jars,
          nicolae_vaults_trapezoid_layered, nicolae_vaults_surprise_closet,
          nicolae_vaults_yaktaur_gun_rack, layout_vaults_big_room, serial_shops,
          shop
Vaults:5: serial_shops
Crypt:1:  layout_rooms, grunt_ministairs_11, skrybe_necro_troll_2
Crypt:2:  layout_misc_corridors, minicrypt_bobbens
Crypt:3:  due_elkab, layout_chaotic_city, ebering_dispersal_statue_hall,
          grunt_ministairs_13, st_vampire_maze
Depths:1: layout_gridville, serial_shops, nicolae_shop_statue_plus,
          rand_demon_pan_entry_3, hell_entry, minmay_statues_item,
          minmay_misc_feat_doors, nicolae_shop_firing_range
Depths:2: vault_1, layout_gridlike, hell_entry, rand_demon_pan_entry_5,
          serial_corexii_hall, chequers_hall_statues_wall_a,
          corexii_hall_statues_i, abyss_entry
Depths:3: minmay_the_grid_triangle_9x9_rhombus_full_mashed
          [minmay_the_grid_triangle_9x9_limited_checkers,
          minmay_the_grid_triangle_9x9_pentomino_pain,
          minmay_the_grid_triangle_9x9_skeleton,
          minmay_the_grid_triangle_9x9_steps,
          minmay_the_grid_triangle_9x9_empty,
          minmay_the_grid_triangle_9x9_wacky_v,
          minmay_the_grid_triangle_9x9_corrupted_corridor,
          minmay_the_grid_triangle_9x9_prize_center], layout_cave_shapes,
          enter_ziggurat_f, serial_shops, bzr_entry_dummy, serial_bayou,
          serial_bayou_lagoon_a, serial_bayou_pond_c, serial_bayou_crossing,
          serial_bayou_lake_a, grunt_metal_band, abyss_entry,
          infiniplex_staircase_zigzag_1, uniq_margery
Depths:4: grunt_zot_entry_funnels, layout_gridville, hellmouth_1,
          nicolae_eternal_life
Zot:1:    dreamdust_black_sun_cult, layout_misc_corridors
Zot:2:    layout_gridlike, lemuel_elevator, grunt_megastairs_1
Zot:3:    layout_cathedral_of_symmetry
Zot:4:    lemuel_draconian_sentries, layout_basic, zot_minivault_1
Zot:5:    layout_misc_corridors

Skill      XL: |  1  2  3  4  5  6  7  8  9 10 11 12 13 14 15 16 17 18 19 20 21 22 23 24 25 26 |
---------------+-------------------------------------------------------------------------------+-----
Dodging        | 2 3 4 9 11 12 15 16 17 19 20 | 20.0
Stealth        | 2 3 4 6 |  6.1
Alchemy        | 4 5 6 8 9 10 11 | 11.9
Air Magic      | 1 2 1 |  1.5
Spellcasting   | 3 4 5 6 7 9 10 12 13 15 16 | 16.5
Fighting       | 1 2 4 6 8 10 11 12 14 16 | 16.5
Conjurations   | 3 4 6 7 10 11 | 11.8
Earth Magic    | 3 7 9 10 16 19 22 23 | 23.8
Fire Magic     | 3 7 12 15 | 15.7
Short Blades   | 4 6 7 10 | 10.4
Shields        | 1 7 11 13 15 | 15.9
Shapeshifting  | 2 6 12 17 | 17.1
Hexes          | 3 7 |  7.3

Action                     |  1- 3 |  4- 6 |  7- 9 | 10-12 | 13-15 | 16-18 | 19-21 | 22-24 | 25-27 || total
---------------------------+-------+-------+-------+-------+-------+-------+-------+-------+-------++-------
  Melee: Whip              |    10 |       |       |       |       |       |       |       |       ||    10
         Tailslap          |     7 |    16 |    25 |    58 |   201 |   175 |   148 |   324 |    40 ||   994
         Unarmed           |     1 |       |       |       |       |       |       |       |       ||     1
         Dagger            |    72 |   114 |   194 |   281 |   440 |       |       |       |       ||  1101
         Punch             |       |       |     4 |     3 |    14 |       |       |       |       ||    21
         Rapier            |       |       |       |       |   481 |   937 |   554 |  1088 |   113 ||  3173
   Cast: Sting             |    37 |     2 |       |       |       |       |       |       |       ||    39
         Mercury Vapours   |    21 |    31 |    17 |     4 |     4 |       |       |       |       ||    77
         Olgreb's Toxic Ra |       |       |    41 |    47 |    43 |    26 |     2 |     1 |       ||   160
         Sticky Flame      |       |       |     8 |    36 |       |       |       |       |       ||    44
         Petrify           |       |       |       |    39 |   120 |    59 |     3 |     7 |       ||   228
         Lee's Rapid Decon |       |       |       |     6 |    35 |    32 |       |     7 |     1 ||    81
         Irradiate         |       |       |       |     3 |    51 |    42 |    22 |    37 |    16 ||   171
         Orb of Destructio |       |       |       |       |       |   138 |    18 |    59 |    26 ||   241
         Shatter           |       |       |       |       |       |    30 |   161 |   256 |   167 ||   614
         Lehudib's Crystal |       |       |       |       |       |       |     1 |   126 |    98 ||   225
         Ignition          |       |       |       |       |       |       |       |    48 |     9 ||    57
 Invoke: Curse Item        |       |       |     3 |     3 |     3 |     2 |     2 |       |       ||    13
         Shatter the Chain |       |       |       |       |     1 |     1 |     2 |       |       ||     4
  Evoke: Wand              |       |       |       |       |     4 |       |       |       |       ||     4
    Use: Scroll            |     4 |     4 |     6 |     3 |     5 |     6 |       |     6 |     3 ||    37
         Potion            |       |       |     1 |     2 |     6 |     8 |     3 |     6 |    12 ||    38
   Stab: Sleeping          |       |     3 |     2 |     7 |    15 |    12 |     3 |     4 |     1 ||    47
         Distracted        |       |       |     1 |       |     2 |     2 |     1 |     5 |       ||    11
         Petrified         |       |       |       |    30 |   108 |    73 |    13 |     2 |       ||   226
         Petrifying        |       |       |       |    12 |    49 |    13 |     2 |     3 |       ||    79
         Invisible         |       |       |       |       |       |       |       |       |     1 ||     1
 Armour: Skin              |    39 |    58 |   128 |   215 |   420 |   443 |   275 |   441 |   147 ||  2166
  Dodge: Dodged            |    56 |    80 |   111 |   186 |   592 |   445 |   334 |   585 |   199 ||  2588
  Block: Other             |     2 |    26 |    46 |    58 |   119 |       |       |       |       ||   251
         Reflection        |     1 |       |       |     3 |    17 |    61 |       |       |       ||    82
         Kite shield       |       |       |       |       |    96 |  1043 |   602 |   981 |   196 ||  2918

Table legend: (Time is in decaauts)
 A = Elapsed time spent in this place.
 B = Non-inter-level travel time spent in this place.
 C = Inter-level travel time spent in this place.
 D = Time resting spent in this place.
 E = Time spent auto-exploring this place.
 F = Levels seen in this place.
 G = Mean time per level.
                   A        B        C        D        E       F      G
               +--------+--------+--------+--------+--------+-----+--------+
         Total |  81455 |  75462 |   5993 |   8993 |  53658 |  63 | 1292.9 |
       Dungeon |  20263 |  17798 |   2465 |   1621 |  13460 |  15 | 1350.9 |
          Lair |   8150 |   7294 |    856 |    315 |   6008 |   5 | 1630.0 |
        Shoals |   4700 |   4435 |    265 |    557 |   2919 |   4 | 1175.0 |
     Snake Pit |   8072 |   7846 |    226 |   1316 |   5054 |   4 | 2018.0 |
    Slime Pits |   3078 |   2918 |    160 |    145 |   2369 |   5 |  615.6 |
  Orcish Mines |   2762 |   2428 |    334 |    168 |   1813 |   2 | 1381.0 |
   Elven Halls |   4372 |   3951 |    421 |    256 |   2974 |   3 | 1457.3 |
        Vaults |   8905 |   8448 |    457 |   1548 |   5579 |   5 | 1781.0 |
         Crypt |   5264 |   5104 |    160 |    413 |   3642 |   3 | 1754.7 |
        Depths |   7231 |   6752 |    479 |    826 |   4760 |   4 | 1807.8 |
           Zot |   7165 |   6999 |    166 |   1828 |   4122 |   5 | 1433.0 |
         Abyss |    434 |    434 |      0 |      0 |     42 |   5 |   86.8 |
        Bazaar |    460 |    460 |      0 |      0 |    411 |   2 |  230.0 |
        Bailey |    592 |    592 |      0 |      0 |    501 |   1 |  592.0 |
               +--------+--------+--------+--------+--------+-----+--------+

Top non-repeatable levels by time:
    D:14: 2901 daAuts
 Snake:4: 2508 daAuts
Vaults:3: 2438 daAuts
 Crypt:3: 2407 daAuts
   Orc:2: 2361 daAuts
Depths:3: 2361 daAuts
 Snake:1: 2308 daAuts
Depths:2: 2153 daAuts
   Elf:1: 2111 daAuts
Vaults:4: 2084 daAuts
 Crypt:2: 2033 daAuts
  Lair:5: 1911 daAuts
     D:9: 1874 daAuts
  Lair:3: 1854 daAuts
   Zot:4: 1851 daAuts
